 Dungeon Crawl Stone Soup version 0.18-a0-1677-g2bdad6c (webtiles) character file.

44 Chiseanne the Covered (level 3, 0/26 HPs)
             Began as a Demonspawn Wanderer on Apr 2, 2016.
             Slain by Sigmund
             ... wielding a +2 scythe of slicing
              (1 damage)
             ... on level 2 of the Dungeon.
             The game lasted 00:04:34 (1529 turns).

Chiseanne the Covered (Demonspawn Wanderer)         Turns: 1529, Time: 00:04:34

Health: 0/26       AC:  9    Str: 13    XL:     3   Next: 39%
Magic:  7/7        EV: 10    Int: 19    God:
Gold:   79         SH:  0    Dex: 11    Spells: 0 memorised, 8 levels left

rFire  . . .     SeeInvis .     a - +2 whip (freeze)
rCold  + . .     Gourm    .     c - +0 ring mail
rNeg   . . .     Faith    .     (no shield)
rPois  .         Spirit   .     g - +0 helmet
rElec  .         Dismiss  .     (no cloak)
rCorr  .         Reflect  .     (no gloves)
SustAt .         Harm     .     (no boots)
MR     .....                    (no amulet)
Stlth  ++........               (no ring)
                                e - +2 ring of protection

@: brilliant, not resistant to hostile enchantments, unstealthy
A: cold resistance 1, nightstalker 1
a: no special abilities


You were on level 2 of the Dungeon.
You were not hungry.

You visited 1 branch of the dungeon, and saw 2 of its levels.

You collected 79 gold pieces.

Inventory:

Hand Weapons
 a - a +2 whip of freezing (weapon)
 w - a +2 blowgun
Missiles
 i - 15 sling bullets
 j - a tomahawk (quivered)
Armour
 b - a +0 large shield
 c - a +0 ring mail (worn)
 g - a +0 helmet (worn)
Jewellery
 e - a +2 ring of protection (left hand)
Scrolls
 d - a scroll of teleportation
Comestibles
 f - a bread ration
 k - 5 chunks of flesh
 l - a meat ration
 m - a royal jelly


   Skills:
 * Level 1.3 Fighting
   Level 1.0 Crossbows
 - Level 1.0 Throwing
 * Level 4.1 Armour
 * Level 1.1 Dodging
 * Level 1.1 Stealth
 - Level 3.0 Spellcasting


You had 8 spell levels left.
You didn't know any spells.

Dungeon Overview and Level Annotations

Branches:
Dungeon (2/15)

Altars:

Annotations:
D:2 Sigmund


Innate Abilities, Weirdness & Mutations

Your flesh is cold resistant.
You are slightly more attuned to the shadows.


Message History

You barely miss something. Something hits you.
You closely miss something. Something hits you but does no damage.
You miss something. You miss something.
You hear some strange, mumbled words.
Something tries to affect you, but you resist.
You miss something. Something hits you but does no damage.
You closely miss something.
You hear some strange, mumbled words.
A magic dart appears from out of thin air!
The magic dart hits you!
Your ring mail prevents you from hitting something.
Something hits you!
You barely miss something. Something hits you.
* * * LOW HITPOINT WARNING * * *
x2 You hit something.
You freeze something.
You aren't carrying any potions.
Unknown command.
Something hits you.
You die...

.......########.
..............
......).......
........#####
........###
..........#
#....#..#.#
#.........#
.........@#
..........#
.......{#
..#####.# #(#
.....# #.#
.....###### ..#
...r?...... ###
......$....


There were no monsters in sight!

Vanquished Creatures
  A gnoll (D:1)
  A dart slug (D:1)
  2 giant cockroaches (D:1)
  5 goblins (D:1)
  2 hobgoblins
  6 jackals (D:1)
  3 bats (D:1)
  6 kobolds (D:1)
  3 rats (D:1)
29 creatures vanquished.

Notes
Turn   | Place    | Note
--------------------------------------------------------------
     0 | D:1      | Chiseanne the Demonspawn Wanderer began the quest for the Orb.
     0 | D:1      | Chiseanne set off with: a curare-tipped needle, a +2 blowgun, a +0 ring mail, a scroll of teleportation, a bread ration
     0 | D:1      | Reached XP level 1. HP: 13/13 MP: 4/4
    23 | D:1      | Gained mutation: Your flesh is cold resistant. [demonic ancestry]
    23 | D:1      | Reached XP level 2. HP: 20/20 MP: 6/6
   407 | D:1      | Reached skill level 1 in Dodging
   630 | D:1      | Reached skill level 1 in Fighting
   694 | D:1      | Reached skill level 4 in Armour
   714 | D:1      | Gained mutation: You are slightly more attuned to the shadows. [demonic ancestry]
   714 | D:1      | Reached XP level 3. HP: 16/26 MP: 7/7
  1448 | D:2      | Noticed Sigmund
  1527 | D:2      | HP: 1/26 [something (1)]
  1529 | D:2      | Slain by Sigmund

Vault maps used:
D:1:      saegor_arrival_simple_a, due_unseen_surprise
D:2:      okawaru_altar_gauntlet_db, uniq_sigmund, uniq_robin

Skill      XL: |  1  2 |
---------------+-------+-----
Dodging        | 1 |  1.1
Fighting       | 1 |  1.3
Armour         | 4 |  4.1
Crossbows      | |  1.0
Throwing       | |  1.0
Stealth        | |  1.1
Spellcasting   | |  3.0

Action                   || total
-------------------------++-------
Melee: Short sword       ||    99
       Club              ||    46
       Whip              ||    11
 Fire: Blowgun           ||     2
Throw: Tomahawk          ||     3
  Use: Scroll            ||     3
       Potion            ||     1
 Stab: Sleeping          ||     2
  Eat: Chunk             ||     2
